 Dungeon Crawl Stone Soup version 0.27-a0-920-gb2bd10914a (webtiles) character file.

Game seed: 8669343324988473796

22 wakim the Insei (level 2, 0/18 HPs)
             Began as an Octopode Transmuter on Apr 9, 2021.
             Slain by an adder (3 damage)
             ... on level 2 of the Dungeon.
             The game lasted 00:02:51 (1332 turns).

wakim the Insei (Octopode Transmuter)               Turns: 1332, Time: 00:02:51

Health: 0/18       AC:  1    Str:  9    XL:     2   Next: 91%
Magic:  4/5        EV: 13    Int: 15    God:
Gold:   32         SH:  0    Dex: 12    Spells: 4/5 levels left

rFire    . . .     SeeInvis .     - Unarmed
rCold    . . .     Faith    .   (no shield)
rNeg     . . .     Spirit   .   (helmet currently unavailable)
rPois    .         Reflect  .   (no amulet)
rElec    .         Harm     .   (no ring)
rCorr    .         Rampage  .   (no ring)
Will     .....                  (no ring)
Stlth    +++.......             (no ring)
HPRegen  0.06/turn              (no ring)
MPRegen  0.09/turn              (no ring)
                                (no ring)
                                (no ring)

@: appendages
A: tentacle spike 3, almost no armour, amphibious, 8 rings, camouflage 1,
gelatinous body 1, (nimble swimmer 1), tentacles
a: End Transformation


You were on level 2 of the Dungeon.
One of your tentacles had grown a beastly spike.
You visited 1 branch of the dungeon, and saw 2 of its levels.

You collected 32 gold pieces.

Inventory:

Potions
 a - a potion of brilliance {unknown}
 b - a potion of curing {unknown}
 c - a potion of mutation {unknown}
 d - a potion of flight {unknown}
 e - a potion of lignification {unknown}
 f - a potion of might {unknown}


   Skills:
 - Level 1.0 Fighting
 + Level 2.2 Dodging
 * Level 2.1 Stealth
 * Level 3.4 Unarmed Combat
 - Level 2.0 Spellcasting
 - Level 2.0 Transmutations


You had 4 spell levels left.
You knew the following spells:

 Your Spells              Type           Power      Damage    Failure   Level
a - Beastly Appendage     Tmut           14%        N/A       10%         1

Your spell library contained the following spells:

 Spells                   Type           Power      Damage    Failure   Level
 Wereblood                Tmut           7%         N/A       14%         2
 Spider Form              Tmut/Pois      2%         N/A       41%         3
 Ice Form                 Ice/Tmut       4%         N/A       82%         4
 Hydra Form               Tmut           3%         N/A       95%         5


Dungeon Overview and Level Annotations

Branches:
Dungeon (2/15)

Altars:

Shops:
D:1 =


Innate Abilities, Weirdness & Mutations

One of your tentacles has grown a beastly spike.
You cannot wear most types of armour.
You are amphibious.
You can wear up to eight rings at the same time.
Your skin changes colour to match your surroundings (Stealth+).
Your rubbery body absorbs attacks. (AC +1, EV +1)
((You are camouflaged near water. (Stealth+)))
You have tentacles for arms and can constrict up to eight enemies at once.


Message History

Found a dagger.
An adder comes into view.
The adder hisses angrily.
You closely miss the adder. Your grab misses the adder.
Your squeeze misses the adder. The adder bites you.
You are poisoned.
The adder poisons you!
You tentacle-slap the adder. Your grab misses the adder.
Your squeeze misses the adder.
The adder is moderately wounded.
You feel sick. The adder closely misses you.
You tentacle-slap the adder. Your grab misses the adder.
Your squeeze misses the adder.
The adder is moderately wounded.
You feel sick. The adder barely misses you.
You miss the adder. Your grab misses the adder.
The adder is moderately wounded.
You feel sick. The adder closely misses you.
You barely miss the adder. Your grab misses the adder.
Your squeeze misses the adder.
The adder is moderately wounded.
You feel sick. The adder barely misses you. The adder bites you.
* * * LOW HITPOINT WARNING * * *
Casting: Beastly Appendage (safe; 10% risk of failure)
Confirm with . or Enter, or press ? or * to list all spells.
One of your tentacles grows a vicious spike.
You feel sick. The adder barely misses you.
Unknown command.
You barely miss the adder. You grab the adder. You squeeze the adder.
The adder is heavily wounded.
You constrict the adder.
You feel sick. The adder closely misses you.
You tentacle-slap the adder.
Your tentacle spike misses the adder.
The adder is severely wounded.
You constrict the adder.
You feel sick.
You are no longer poisoned.
The adder barely misses you.
You tentacle-slap the adder but do no damage.
The adder is almost dead.
You constrict the adder. The adder closely misses you. The adder bites you.
You die...

####### ^......####
......S@..#######
########...>..... #####
##.......# #...#
#.......#
#...####.......#
#..............# ....
#.######.......# ......
#..≈≈###.......#
......#####..≈≈##.......#


You could see an adder.

Vanquished Creatures
  2 dart slugs
  2 giant cockroaches (D:1)
  5 jackals (D:1)
  A ball python (D:1)
  3 bats (D:1)
  6 rats
19 creatures vanquished.

Notes
Turn   | Place    | Note
-------+----------+-------------------------------------------
     0 | D:1      | wakim the Octopode Transmuter began the quest for the Orb.
     0 | D:1      | Reached XP level 1. HP: 13/13 MP: 3/3
   285 | D:1      | Reached skill level 1 in Stealth
   403 | D:1      | Found a faded altar of an unknown god.
   463 | D:1      | Reached XP level 2. HP: 18/18 MP: 3/5
   495 | D:1      | Found Veutwaf's Jewellery Shoppe.
  1332 | D:2      | Slain by an adder

Illustrated notes

Levels and vault maps discovered:
D:1:      lemuel_arrival_room, layout_loops_ring, serial_shops, shop_fountains,
          shapermc_ecumenical_altar_mp_ritualfount
D:2:      layout_rooms, kennysheep_nub, hangedman_decor_growths

Skill      XL: |  1  2 |
---------------+-------+-----
Stealth        | 1 2 |  2.1
Fighting       | |  1.0
Dodging        | |  2.2
Unarmed Combat | |  3.4
Spellcasting   | |  2.0
Transmutations | |  2.0

Action                   || total
-------------------------++-------
Melee: Unarmed           ||    46
       Constrict         ||    17
       Tentacles         ||     8
       Kick              ||     8
 Cast: Beastly Appendage ||     9
  Use: Scroll            ||     1
 Stab: Sleeping          ||     6
Armor: Skin              ||     3
Dodge: Dodged            ||    48

Table legend: (Time is in decaauts)
 A = Elapsed time spent in this place.
 B = Non-inter-level travel time spent in this place.
 C = Inter-level travel time spent in this place.
 D = Time resting spent in this place.
 E = Time spent auto-exploring this place.
 F = Levels seen in this place.
 G = Mean time per level.
                   A        B        C        D        E       F      G
               +--------+--------+--------+--------+--------+-----+--------+
         Total |   1332 |   1293 |     39 |      0 |   1097 |   2 |  666.0 |
       Dungeon |   1332 |   1293 |     39 |      0 |   1097 |   2 |  666.0 |
               +--------+--------+--------+--------+--------+-----+--------+

Top non-repeatable levels by time:
     D:1: 1222 daAuts
     D:2: 110 daAuts
